 Dungeon Crawl Stone Soup version 0.27-a0-170-g607d9e9d85 (webtiles) character file.

Game seed: 12175563607799818813

25 shakesphere1979 the Firebug (level 2, 0/19 HPs)
             Began as a Demonspawn Fire Elementalist on Jan 28, 2021.
             Killed by nerve-wracking pain
             ... invoked by Jessica
              (3 damage)
             ... on level 2 of the Dungeon.
             The game lasted 00:03:44 (1416 turns).

shakesphere1979 the Firebug (DsFE)                  Turns: 1416, Time: 00:03:45

Health: 0/19       AC:  5    Str:  8    XL:     2   Next: 82%
Magic:  5/5        EV: 12    Int: 16    God:
Gold:   65         SH:  0    Dex: 13    Spells: 4/5 levels left

rFire    . . .     SeeInvis .   i - +0 short sword
rCold    . . .     Faith    .   (no shield)
rNeg     . . .     Spirit   .   a - +0 robe
rPois    .         Reflect  .   f - +0 helmet
rElec    .         Harm     .   (no cloak)
rCorr    .         Rampage  .   (no gloves)
Will     .....                  (no boots)
Stlth    ++........             (no amulet)
HPRegen  0.06/turn              (no ring)
MPRegen  0.09/turn              (no ring)

@: no status effects
A: yellow scales 1
a: no special abilities


You were on level 2 of the Dungeon.
You visited 1 branch of the dungeon, and saw 2 of its levels.

You collected 65 gold pieces.

Inventory:

Hand Weapons
 i - a +0 short sword (weapon)
Missiles
 b - 22 bolts
 d - 38 stones
Armour
 a - a +0 robe (worn)
 f - a +0 helmet (worn)
Scrolls
 c - 2 scrolls of identify {unknown}
 g - 3 scrolls of noise {unknown}
 h - a scroll of remove curse {unknown}
 k - a scroll of teleportation {unknown}
Potions
 e - a potion of haste {unknown}
 j - 2 potions of mutation {unknown}
 l - a potion of resistance {unknown}
 m - a potion of heal wounds {unknown}


   Skills:
 + Level 1.9 Dodging
 + Level 1.8 Stealth
 + Level 2.3 Spellcasting
 + Level 1.1 Conjurations
 + Level 3.3 Fire Magic


You had 4 spell levels left.
You knew the following spells:

 Your Spells              Type           Power        Failure   Level
a - Foxfire               Conj/Fire      32%          9%          1

Your spell library contained the following spells:

 Spells                   Type           Power        Failure   Level
 Conjure Flame            Conj/Fire      8%           24%         3
 Inner Flame              Hex/Fire       7%           30%         3
 Sticky Flame             Conj/Fire      8%           63%         4
 Fireball                 Conj/Fire      4%           92%         5


Dungeon Overview and Level Annotations

Branches:
Dungeon (2/15)

Altars:

Annotations:
D:2 Jessica, Natasha, Terence


Innate Abilities, Weirdness & Mutations

You are partially covered in yellow scales. (AC +2)


Message History

You barely miss the hobgoblin.
The hobgoblin is almost dead.
Natasha claws you. The hobgoblin barely misses you. Natasha closely misses you.
The hobgoblin barely misses you.
You hit the hobgoblin.
You kill the hobgoblin!
Jessica closely misses you. Jessica barely misses you. Natasha claws you.
Jessica hits you.
* * * LOW HITPOINT WARNING * * *
Natasha closely misses you. Jessica barely misses you.
Natasha wildly gestures.
You feel disoriented.
You see here a hobgoblin corpse.
Natasha casts a spell.
Terence shouts, "Get ready for death!"
You feel yourself speed up.
Jessica points at you and mumbles some strange words.
Pain shoots through your body!
You die...

..# #... #........# ....
#..#####........# #.r.P
+.....##........#
#....####...............#
....@P5....##.#.........#
#........##.#.#.......#
#####@#####.#.####.####
#†#####.#.. ..#
#@.@....#### ## #########


You could see Jessica (fast).

Vanquished Creatures
  A leopard gecko (D:1)
  3 giant cockroaches (D:1)
  4 goblins (D:1)
  3 hobgoblins
  4 kobolds (D:1)
  4 bats (D:1)
  3 frilled lizards (D:1)
  A rat (D:1)
23 creatures vanquished.

Vanquished Creatures (others)
  37 foxfires (D:1)
37 creatures vanquished.

Grand Total: 60 creatures vanquished

Notes
Turn   | Place    | Note
-------+----------+-------------------------------------------
     0 | D:1      | shakesphere1979 the Demonspawn Fire Elementalist began the
                  | quest for the Orb.
     0 | D:1      | Reached XP level 1. HP: 13/13 MP: 3/3
     6 | D:1      | Noticed a komodo dragon
     6 | D:1      | Noticed a tyrant leech
     6 | D:1      | Noticed a worker ant
     7 | D:1      | Noticed a centaur
    98 | D:1      | Reached skill level 3 in Fire Magic
   183 | D:1      | Gained mutation: You are partially covered in yellow
                  | scales. (AC +2) [demonic ancestry]
   183 | D:1      | Reached XP level 2. HP: 3/19 MP: 1/5
  1407 | D:2      | Noticed Natasha
  1407 | D:2      | Noticed Jessica
  1410 | D:2      | Noticed Terence
  1416 | D:2      | Killed from afar by Jessica

Illustrated notes

Levels and vault maps discovered:
D:1:      onia_arrival_zoo_common, layout_basic
D:2:      layout_loops_cross, corexii_shack, uniq_terence, uniq_natasha,
          uniq_jessica

Skill      XL: |  1 |
---------------+----+-----
Fire Magic     | 3 |  3.3
Dodging        | |  1.9
Stealth        | |  1.8
Spellcasting   | |  2.3
Conjurations   | |  1.1

Action                   || total
-------------------------++-------
Melee: Unarmed           ||     3
       Short sword       ||    11
       Club              ||     7
 Cast: Foxfire           ||    24
 Stab: Sleeping          ||     2
Armor: Robe              ||    11
Dodge: Dodged            ||    39

Table legend: (Time is in decaauts)
 A = Elapsed time spent in this place.
 B = Non-inter-level travel time spent in this place.
 C = Inter-level travel time spent in this place.
 D = Time resting spent in this place.
 E = Time spent auto-exploring this place.
 F = Levels seen in this place.
 G = Mean time per level.
                   A        B        C        D        E       F      G
               +--------+--------+--------+--------+--------+-----+--------+
         Total |   1422 |   1403 |     19 |    258 |    839 |   2 |  711.0 |
       Dungeon |   1422 |   1403 |     19 |    258 |    839 |   2 |  711.0 |
               +--------+--------+--------+--------+--------+-----+--------+

Top non-repeatable levels by time:
     D:1: 1387 daAuts
     D:2: 34 daAuts
